 Dungeon Crawl Stone Soup version 0.27.1-4-g1640c2035a (webtiles) character file.

Game seed: 12692533652908686904

4239 FreshCat the Basher (level 10, -4/144 (147) HPs)
             Began as a Troll Chaos Knight on Nov 1, 2021.
             Was a Plaything of Xom.
             Slain by a troll (7 damage)
             ... on level 8 of the Dungeon.
             The game lasted 00:30:01 (7257 turns).

FreshCat the Basher (Troll Chaos Knight)            Turns: 7257, Time: 00:30:04

HP:   -4/144 (147)  AC: 25    Str: 25    XL:     10   Next: 9%
MP:   0/9           EV:  1    Int:  9    God:    Xom [...*..]
Gold: 501           SH:  0    Dex: 10    Spells: 9/9 levels left

rFire    x . .     SeeInvis .   a - +2 mace (chaos)
rCold    + . .     Faith    .   (no shield)
rNeg     + + +     Spirit   +   (armour currently unavailable)
rPois    +         Reflect  .   (helmet currently unavailable)
rElec    .         Harm     .   (cloak currently unavailable)
rCorr    .         Rampage  .   (gloves unavailable)
Will     +....     NoTele   +   (boots unavailable)
Stlth    +.........             o - amulet of guardian spirit
HPRegen  1.34/turn              x - ring of ice
MPRegen  0.11/turn              y - +4 ring of evasion

@: mighty, tree-form, lightly drained
A: stationary, stasis, torment immunity, boosted hp, large, unfitting armour,
(claws 3), regeneration 1, (shaggy fur 1), (tough skin 1), strong-willed 1,
sense surroundings 1, strong 1
a: Renounce Religion


You were on level 8 of the Dungeon.
You worshipped Xom.
You were a favourite toy of Xom.
You were a tree.
You visited 1 branch of the dungeon, and saw 9 of its levels.
You also visited: Sewer and Ossuary.

You collected 501 gold pieces.

Inventory:

Hand Weapons
 a - a +2 mace of chaos (weapon)
 i - a +1 flail of protection
Missiles
 d - 270 stones (quivered)
 j - 5 boomerangs
 s - 6 javelins
 v - a throwing net
Armour
 b - a +2 robe (melded)
 p - a +0 kite shield
 r - a +0 cloak (melded)
Jewellery
 o - an amulet of guardian spirit (around neck)
 u - a +6 ring of intelligence
 x - a ring of ice (left branch)
 y - a +4 ring of evasion (right branch)
Wands
 t - a wand of acid (9)
 D - a wand of charming (3)
Scrolls
 g - a scroll of acquirement {unknown}
 l - 4 scrolls of fog
 n - 3 scrolls of amnesia
 w - a scroll of fear {unknown}
 A - a scroll of magic mapping
 B - a scroll of blinking
 E - a scroll of immolation {unknown}
 F - 2 scrolls of noise {unknown}
Potions
 c - 5 potions of brilliance {unknown}
 e - 3 potions of lignification
 f - 2 potions of might
 h - a potion of berserk rage
 k - a potion of ambrosia
 m - 4 potions of curing
 q - a potion of resistance
 z - 2 potions of degeneration {unknown}
 C - a potion of heal wounds {unknown}


   Skills:
 + Level 6.2 Fighting
 + Level 9.5 Maces & Flails
 + Level 3.0 Throwing
 + Level 6.7 Dodging


You had 9 spell levels left.
You didn't know any spells.
Your spell library contained the following spells:

 Spells                   Type           Power      Damage    Failure   Level
 Magic Dart               Conj           0%         1d3       38%         1
 Call Imp                 Summ           0%         N/A       52%         2
 Corpse Rot               Necr/Air       N/A        N/A       52%         2
 Poisonous Vapours        Pois/Air       0%         N/A       52%         2
 Static Discharge         Conj/Air       0%         N/A       52%         2
 Conjure Flame            Conj/Fire      0%         6-21      77%         3
 Ignite Poison            Fire/Tmut/Pois 0%         N/A       77%         3
 Mephitic Cloud           Conj/Pois/Air  0%         N/A       77%         3
 Dispel Undead            Necr           0%         3d6       99%         4
 Sticky Flame             Conj/Fire      0%         2d3       99%         4
 Freezing Cloud           Conj/Ice/Air   0%         6-21      100%        5
 Conjure Ball Lightning   Conj/Air       0%         3x3d6     100%        6
 Discord                  Hex            0%         N/A       100%        8
 Disjunction              Tloc           0%         N/A       100%        8


Dungeon Overview and Level Annotations

Branches:
Dungeon (9/15)             Temple (0/1) D:5            Lair (0/6) D:8
  Sewer (visited)         Ossuary (visited)
    Orc: D:9-12

Altars:
Elyvilon
Hepliaklqana
Makhleb
Nemelex Xobeh
Okawaru
Ru
Sif Muna
Uskayaw
Wu Jian
Xom

Shops:
D:9 =

Annotations:
D:4 exclusion: downstairs
D:8 exclusion: downstairs


Innate Abilities, Weirdness & Mutations

You are a tree.
Your roots penetrate the ground, keeping you stationary.
You cannot be teleported.
You are immune to unholy pain and torment.
Your maximum health is greatly increased.
Your equipment is partially melded.
You are too large for most types of armour.
((You have claws for hands.))
Your natural rate of healing is unusually fast.
((You are covered in fur. (AC +1)))
((You have tough skin. (AC +1)))
You are strong-willed. (Will+)
You passively map a small area around you.
Your muscles are strong. (Str +2)


Message History

The troll claws you but does no damage. The troll completely misses you.
You closely miss the troll. The troll bites you! The troll claws you.
The troll claws you but does no damage.
You closely miss the troll. The troll bites you. The troll barely misses you.
The troll claws you!
You closely miss the troll. The troll bites you!
The troll claws you but does no damage. The troll claws you.
You closely miss the troll. The troll closely misses you.
The troll claws you. x2
You hit the troll but do no damage.
The troll seems to speed up.
The troll bites you! The troll claws you. The troll claws you!
* * * LOW HITPOINT WARNING * * *
You are too injured to fight recklessly!
You are too injured to fight recklessly!
Really quaff the potion of lignification?
You turn into a tree.
Your +0 cloak melds into your body.
Your +2 robe melds into your body.
Your roots penetrate the ground.
The troll bites you.
* * * LOW HITPOINT WARNING * * *
The troll claws you but does no damage. x2; The troll bites you!
* * * LOW HITPOINT WARNING * * *
The troll claws you but does no damage. The troll claws you!
* * * LOW HITPOINT WARNING * * *
You hit the troll but do no damage.
The troll seems to grow stronger. "Serve the mortal, my children!"
The troll bites you but does no damage. The troll claws you but does no damage.
The troll claws you.
* * * LOW HITPOINT WARNING * * *
You hit the troll.
The troll is poisoned.
The troll is lightly wounded.
The troll bites you but does no damage. The troll claws you!
* * * LOW HITPOINT WARNING * * *
The troll claws you.
* * * LOW HITPOINT WARNING * * *
You feel very mighty all of a sudden. The troll bites you but does no damage.
The troll claws you but does no damage. The troll claws you!
* * * LOW HITPOINT WARNING * * *
The troll bites you!
You die...
Xom laughs nastily!

, ,,* * (. ... , , ..
#.##.# , * #.## #.##.#
...# #.##(# , * *..#
#.##.# *#####.###
#.##.# # #.(.T...#
#.##.# # ,
*#♣5.#######.##.### *
..####55...............
#.....5.######.......##
#.####.(..))...##.##...
#.##.)##.)#...#..# , *
#.###.##.......... #.#
#.##...._..... #.#
#[............ #.
###...#...#...


You could see a troll (fast, strong, very poisoned, ally target), 2 friendly
iron imps, a friendly quasit (summoned) and a friendly shadow imp (summoned).

Vanquished Creatures
  A water nymph (shapeshifter) (D:8)
  A hornet (D:8)
  Sigmund (D:5)
  9 water moccasins
  A hornet zombie (D:8)
  3 sky beasts (D:5)
  A black bear (D:5)
  2 necrophages (D:6)
  3 centaurs
  2 ogres
  A phantom (D:7)
  3 bullfrogs
  5 scorpions
  A wyvern skeleton (D:7)
  5 water moccasin zombies (Ossuary)
  A wight (D:8)
  4 crimson imps (D:3)
  A jelly (D:7)
  2 hounds
  3 orc priests
  A gnoll shaman (D:8)
  An iguana (D:4)
  2 orc wizards
  2 mummies (Ossuary)
  A howler monkey zombie (D:6)
  8 gnolls
  2 river rats (D:3)
  6 adders
  2 white imps (D:7)
  A worm zombie (D:7)
  8 adder zombies (Ossuary)
  A dart slug (D:1)
  12 orcs
  10 bats
  5 endoplasms
  6 giant cockroaches
  5 gnoll zombies (Ossuary)
  8 goblins
  7 hobgoblins
  5 kobolds
  6 quokkas
  8 ball pythons
  6 frilled lizards
  4 hobgoblin zombies (Ossuary)
  A jackal zombie (D:7)
  6 kobold zombies (Ossuary)
  3 orc zombies (Ossuary)
  9 rats
  A rat zombie (D:7)
187 creatures vanquished.

Vanquished Creatures (collateral kills)
  A hound (D:7)
  A hobgoblin (D:3)
2 creatures vanquished.

Grand Total: 189 creatures vanquished

Notes
Turn   | Place    | Note
-------+----------+-------------------------------------------
     0 | D:1      | FreshCat the Troll Chaos Knight began the quest for the
                  | Orb.
     0 | D:1      | Reached XP level 1. HP: 22/22 MP: 0/0
    27 | D:1      | XOM: silly message
   105 | D:1      | Reached XP level 2. HP: 29/29 MP: 1/1
   138 | D:1      | Reached skill level 3 in Maces & Flails
   457 | D:1      | Found a faded altar of an unknown god.
   511 | D:1      | XOM: cast spell 'Olgreb's Toxic Radiance'
   848 | D:2      | Reached XP level 3. HP: 36/36 MP: 2/2
  1087 | D:3      | Found a white marble altar of Elyvilon.
  1122 | D:3      | Found a shimmering blue altar of Sif Muna.
  1190 | D:3      | Found a shimmering altar of Xom.
  1210 | D:3      | XOM: summons friendly ufetubus
  1212 | D:3      | XOM: potion effect (curing)
  1213 | D:3      | XOM: potion effect (berserk rage)
  1219 | D:3      | Reached XP level 4. HP: 45/45 MP: 3/3
  1221 | D:3      | Reached XP level 5. HP: 53/53 MP: 4/4
  1236 | D:3      | Reached skill level 4 in Maces & Flails
  1236 | D:3      | Reached skill level 1 in Throwing
  1315 | D:3      | Found a glowing drain.
  1325 | Sewer    | Entered a sewer
  1353 | Sewer    | Noticed a water moccasin
  1375 | Sewer    | Killed a water moccasin
  1376 | Sewer    | Reached XP level 6. HP: 36/61 MP: 5/5
  1644 | D:2      | XOM: silly message
  1778 | D:2      | XOM: silly message
  2561 | D:5      | Entered Level 5 of the Dungeon
  2839 | D:4      | Reached skill level 5 in Maces & Flails
  2839 | D:4      | Reached XP level 7. HP: 36/68 MP: 6/6
  2889 | D:4      | Found an ornate altar of the Wu Jian Council.
  3393 | D:5      | Found a hide-covered altar of Uskayaw.
  3414 | D:5      | Noticed Sigmund
  3426 | D:5      | Killed Sigmund
  3427 | D:5      | Reached skill level 6 in Maces & Flails
  3484 | D:5      | XOM: confuse monster(s)
  3490 | D:5      | Reached XP level 8. HP: 73/78 MP: 7/7
  3555 | D:5      | Found a staircase to the Ecumenical Temple.
  3740 | D:5      | XOM: cast spell 'Summon Mana Viper'
  3785 | D:5      | XOM: god gift: 22 gold pieces
  3907 | D:5      | Reached skill level 7 in Maces & Flails
  4663 | D:6      | XOM: torment (44/79 hp)
  4749 | D:6      | XOM: silly message
  4841 | D:7      | XOM: silly message
  4911 | D:7      | Found a burning altar of Makhleb.
  4921 | D:7      | Reached skill level 5 in Dodging
  4960 | D:7      | XOM: potion effect (heal wounds)
  4977 | D:7      | XOM: potion effect (heal wounds)
  4988 | D:7      | XOM: cleaving
  5009 | D:7      | XOM: summons 8 friendly demons
  5114 | D:7      | Found a sand-covered staircase.
  5123 | Ossuary  | Entered an ossuary
  5159 | Ossuary  | Reached skill level 5 in Fighting
  5159 | Ossuary  | Reached XP level 9. HP: 66/88 MP: 5/8
  5161 | Ossuary  | XOM: silly message
  5258 | Ossuary  | Reached skill level 8 in Maces & Flails
  5568 | D:7      | XOM: give mutations
  5568 | D:7      | Gained mutation: Your muscles are strong. (Str +2) [Xom's
                  | grace]
  5568 | D:7      | Gained mutation: You are strong-willed. (Will+) [Xom's
                  | grace]
  5568 | D:7      | Gained mutation: You passively map a small area around you.
                  | [Xom's grace]
  5618 | D:6      | XOM: divination: detect items
  5699 | D:6      | XOM: cloud trail
  5823 | D:6      | XOM: potion effect (might)
  6061 | D:6      | XOM: noise
  6138 | D:6      | Found a sacrificial altar of Ru.
  6138 | D:6      | Found a sparkling altar of Nemelex Xobeh.
  6203 | D:6      | XOM: silly message
  6237 | D:7      | XOM: divination: detect creatures
  6402 | D:7      | Found a hazy altar of Hepliaklqana.
  6813 | D:8      | Found an iron altar of Okawaru.
  6875 | D:8      | Reached skill level 9 in Maces & Flails
  6920 | D:8      | Noticed a glowing shapeshifter
  6920 | D:8      | Noticed a water nymph
  6920 | D:8      | a glowing shapeshifter changed into a water nymph
  6923 | D:8      | XOM: enchant monster (good)
  6924 | D:8      | Killed a water nymph
  6964 | D:8      | Reached XP level 10. HP: 45/98 MP: 2/9
  7031 | D:8      | Paralysed by a hornet for 2 turns
  7087 | D:9      | Found Gacipsesk's Jewellery Shop.
  7126 | D:8      | Found a staircase to the Lair.
  7188 | D:8      | XOM: silly message
  7255 | D:8      | XOM: summons 4 friendly demons
  7257 | D:8      | HP: 3/144 [troll (8)]
  7257 | D:8      | Slain by a troll

Illustrated notes

Levels and vault maps discovered:
D:1:      heliophobic_arrival_glass_houses, layout_loops_ring,
          basic_ecumenical_altar
D:2:      layout_loops_ring, minmay_small_reverse_x
D:3:      layout_basic, elyvilon_altar_1, led_xom_imps,
          mainiacjoe_overflow_alcove_4, portal_sewer_entry_a, minmay_distorted
D:4:      layout_basic, lemuel_crystal_altar
D:5:      layout_gridville, nicolae_uskayaw_dance_hall, temple_pool_b,
          uniq_sigmund
D:6:      layout_gridville, gammafunk_temple_overflow_elements
D:7:      layout_gridville, mainiacjoe_overflow_cross_hatched,
          nicolae_hepliaklqana_hippocampus, enter_ossuary_3
D:8:      layout_rooms, okawaru_gym_becter, lair_entry_dummy,
          hangedman_abyss_or_decor_stabs
D:9:      layout_long_grid, tso_oasis_becter, serial_shops,
          nicolae_stop_n_shop_1, uniq_prince_ribbit1

Skill      XL: |  1  2  3  4  5  6  7  8  9 |
---------------+----------------------------+-----
Dodging        | 2 3 4 5 6 |  6.7
Maces & Flails | 3 4 5 6 7 9 |  9.5
Fighting       | 3 4 5 6 |  6.2
Throwing       | 1 2 3 |  3.0

Action                   |  1- 3 |  4- 6 |  7- 9 | 10-12 || total
-------------------------+-------+-------+-------+-------++-------
Melee: Mace              |   134 |   161 |   509 |    36 ||   840
Throw: Stone             |    16 |    22 |    16 |     3 ||    57
       Boomerang         |       |     1 |     2 |       ||     3
  Use: Scroll            |     1 |     2 |     8 |       ||    11
       Potion            |     1 |       |     3 |     2 ||     6
 Stab: Paralysed         |       |     2 |     5 |     1 ||     8
       Petrifying        |       |     1 |       |       ||     1
       Distracted        |       |       |     1 |       ||     1
Armor: Robe              |    65 |    79 |   191 |     6 ||   341
       Skin              |    39 |       |       |     8 ||    47
Dodge: Dodged            |    84 |    93 |   295 |    25 ||   497
